 Dungeon Crawl Stone Soup version 0.21.1 (webtiles) character file.

43479 Mesmaeker13 the Cleaver (level 13, -4/119 HPs)
             Began as a Demigod Gladiator on Feb 3, 2018.
             Slain by Rupert
             ... wielding a +2 great mace of protection
              (20 damage)
             ... on level 5 of the Lair of Beasts.
             The game lasted 00:57:16 (30913 turns).

Mesmaeker13 the Cleaver (Demigod Gladiator)        Turns: 30913, Time: 00:57:16

Health: -4/119     AC: 21    Str: 21    XL:     13   Next: 53%
Magic:  21/21      EV: 11    Int: 16    God:
Gold:   912        SH:  0    Dex: 17    Spells: 8/18 levels left

rFire    + . .     SeeInvis .   c - +7 executioner's axe (venom)
rCold    + . .     Gourm    .   (shield currently unavailable)
rNeg     + . .     Faith    .   D - +5 chain mail of Spite {+Blink rPois Stlth+}
rPois    +         Spirit   .   (helmet restricted)
rElec    .         Reflect  .   I - +1 cloak
rCorr    .         Harm     .   G - +0 pair of gloves
MR       ++...                  s - +2 pair of boots
Stlth    ..........             (no amulet)
HPRegen  0.29/turn              q - ring of positive energy
MPRegen  0.17/turn              x - ring of protection from fire

@: no status effects
A: antennae 1, rugged brown scales 1, cold resistance 1, deformed body, high mp
1, magic resistance 1
a: Evoke Blink


You were on level 5 of the Lair of Beasts.
You were hungry.

You visited 3 branches of the dungeon, and saw 20 of its levels.
You also visited: Ossuary.

You collected 972 gold pieces.
You spent 60 gold pieces at shops.

Inventory:

Hand Weapons
 a - a +0 war axe of chopping
 c - a +7 executioner's axe of venom (weapon)
 O - a +2 hand axe of flaming
Missiles
 M - 9 javelins (quivered)
Armour
 s - a +2 pair of boots (worn)
 D - the +5 chain mail of Spite (worn) {+Blink rPois Stlth+}
   (You found it on level 9 of the Dungeon)

   It protects you from poison.
   It lets you blink.
   It makes you more stealthy.
 G - a +0 pair of gloves (worn)
 I - a +1 cloak (worn)
 J - the +5 chain mail of Anucke {*Drain Int+7}
   (You found it on level 7 of the Dungeon)

   It affects your intelligence (+7).
   It causes draining when unequipped.
Jewellery
 g - an uncursed ring of positive energy
 q - a ring of positive energy (left hand)
 x - a ring of protection from fire (right hand)
 y - a cursed amulet of inaccuracy
 H - an uncursed ring of magical power
Wands
 d - a wand of random effects (30)
 o - a wand of iceblast (8)
 w - a wand of flame (21)
 K - a wand of polymorph (17)
 L - a wand of enslavement (2)
Scrolls
 e - 4 scrolls of enchant armour
 h - 2 scrolls of blinking
 i - 3 scrolls of amnesia
 j - 2 scrolls of teleportation
 k - a scroll of brand weapon
 l - a scroll of silence
 n - a scroll of torment {unknown}
 p - 8 scrolls of remove curse
 r - 2 scrolls of identify
 u - 4 scrolls of magic mapping
 v - 3 scrolls of fear
 A - 5 scrolls of fog
 B - a scroll of summoning
Potions
 b - 3 potions of curing
 t - 2 potions of flight
 z - 3 potions of resistance
 C - a potion of magic
 E - 3 potions of cancellation
 F - 5 potions of brilliance
Books
 m - a book of Changes

   Spells                             Type                      Level
   a - Beastly Appendage              Transmutation                1
   b - Sticks to Snakes               Transmutation                2
   c - Spider Form                    Transmutation/Poison         3
   d - Ice Form                       Ice/Transmutation            4
   e - Blade Hands                    Transmutation                5
 N - a book of Transfigurations

   Spells                             Type                      Level
   a - Irradiate                      Conjuration/Transmutation    5
   b - Statue Form                    Transmutation/Earth          6
   c - Hydra Form                     Transmutation                6
   d - Dragon Form                    Transmutation                7
Comestibles
 f - 36 rations


   Skills:
 + Level 11.4 Fighting
 + Level 11.5 Axes
 - Level 1.7 Throwing
 + Level 10.4 Armour
 - Level 5.2 Dodging
 - Level 3.3 Spellcasting
 + Level 3.1 Hexes
 + Level 3.7 Charms
 - Level 9.0 Necromancy
 - Level 1.7 Evocations


You had 8 spell levels left.
You knew the following spells:

 Your Spells              Type           Power        Failure   Level  Hunger
a - Animate Dead          Necr           N/A          28%         4    ####...
b - Regeneration          Chrm/Necr      ###.......   26%         3    ###....
c - Spectral Weapon       Hex/Chrm       ##......     65%         3    ###....


Dungeon Overview and Level Annotations

Branches:
Dungeon (14/15)            Temple (1/1) D:4            Lair (5/6) D:10
  Swamp (0/4) Lair:3       Spider (0/4) Lair:3          Orc (0/2) D:10
  Slime: Lair:5-6    Vaults: D:13-14

Shops:
D:13 *%*

Annotations:
D:2 Grinder
D:5 exclusion: oklob plant
D:14 Nessos
Lair:4 exclusion: ice statue, PeterLawrence's ghost, journeyman MiFi
Lair:5 Rupert


Innate Abilities, Weirdness & Mutations

You have an increased reservoir of magic. (+10% MP)
You have a pair of small antennae on your head.
You are partially covered in rugged brown scales. (AC +1, +3% HP)
Your flesh is cold resistant. (rC+)
Armour fits poorly on your strangely shaped body.
You are resistant to hostile enchantments. (MR+)


Message History

There is a stone staircase leading up, spattered with blood here.
You hit Rupert.
Rupert is poisoned.
Rupert is lightly wounded.
Rupert hits you with a great mace of protection.
You slice Rupert!!
Rupert looks as sick as possible!
Rupert is lightly wounded.
Rupert hits you with a great mace of protection!! x2
You slice Rupert!!
Rupert looks as sick as possible!
Rupert is moderately wounded.
Rupert hits you with a great mace of protection.
* * * LOW HITPOINT WARNING * * *
You barely miss Rupert.
Rupert is moderately wounded.
Rupert barely misses you. x2
You slice Rupert!!
Rupert looks as sick as possible!
Rupert is heavily wounded.
Rupert hits you with a great mace of protection!!
* * * LOW HITPOINT WARNING * * *
Rupert hits you with a great mace of protection!!
You die...

* *#.............................
**#..............................
,,#..............................
,................................
...P..P.#...........#..#..##...#.
.##.[####.........####..#####PP##
**...,,*#.........# #...# ####
*#.,***#.......@.###..## * *,,,*
#.......@...#รท<# ##*
****,***#........#.#.#.###.#### *
*,**,,,,#.........#..#.P.##...###
,,,,,,,..........................
,,,,,,,.#.#.#.P...##.##..#..####.
,,,,,,,*####.##...########.## **
,,,,,,,,,**##*#P.## *** ###**
,,,,,,,,**,,**#...***,******,****
,,,,,,,,**,,*,.#,,**,,**,,,,*,*,,


You could see Rupert (berserk).

Vanquished Creatures
  Josephine (Lair:4)
  Erolcha (D:10)
  The ghost of p0werm0de the Slicer, a journeyman OpBe of Trog (Lair:2)
  A two-headed ogre (D:8)
  3 tengu warriors
  Urug (D:14)
  The ghost of Phong the Charmwright, a novice OpSk of Kikubaaqudgha (D:7)
  A wizard (D:9)
  3 cyclopes
  4 ugly things
  A deep elf mage (D:14)
  2 manticores (D:13)
  Maurice (D:13)
  3 black mambas
  2 gargoyles
  4 spiny frogs
  4 kobold demonologists
  An efreet (D:13)
  4 komodo dragons
  A freezing wraith (Lair:4)
  A merfolk (D:9)
  A jumping spider (Lair:3)
  5 trolls
  5 polar bears
  11 blink frogs
  3 slime creatures (D:14)
  4 hippogriffs
  Sigmund (D:4)
  A vampire (D:12)
  2 wyverns
  6 wraiths
  A basilisk (Lair:4)
  47 yaks
  A fire elemental (D:13)
  Menkaure (D:4)
  7 vampire mosquitoes
  8 porcupines
  7 water moccasins
  2 eyes of draining
  7 orc warriors
  3 sky beasts
  3 black bears
  3 phantoms
  11 ogres
  5 ice beasts
  15 wolves
  6 centaurs
  4 crocodiles
  5 big kobolds
  Blork the orc (D:5)
  15 bullfrogs
  A gnoll sergeant (D:8)
  A wyvern zombie (D:8)
  A water moccasin zombie (D:8)
  A water moccasin skeleton (D:4)
  6 scorpions
  10 killer bees
  4 electric eels
  4 howler monkeys
  4 crimson imps
  A lava snake (D:13)
  2 centaur zombies
  3 bullfrog zombies
  4 jellies
  5 orc priests
  5 centaur skeletons
  A gnoll shaman (D:4)
  9 hounds
  7 orc wizards
  Jessica (D:3)
  Ijyb (D:3)
  7 iguanas
  14 worker ants
  A killer bee zombie (D:7)
  7 big kobold zombies (Ossuary)
  A hound skeleton (D:5)
  A mummy (Ossuary)
  A howler monkey zombie (D:11)
  4 gnolls (D:4)
  A howler monkey skeleton (D:4)
  11 adders
  7 shadow imps
  2 oozes (D:3)
  2 adder skeletons
  5 worms
  3 dart slugs
  2 leopard geckos
  42 orcs
  4 spectral bats (Ossuary)
  2 giant cockroaches
  5 gnoll zombies (Ossuary)
  10 hobgoblins
  7 jackals
  24 kobolds
  5 quokkas
  A ball python (D:1)
  7 bats (D:1)
  4 bat simulacra (Ossuary)
  5 frilled lizards
  5 goblins
  5 goblin simulacra (Ossuary)
  10 goblin zombies (Ossuary)
  2 hobgoblin zombies (Ossuary)
  A jackal skeleton (D:6)
  4 kobold simulacra (Ossuary)
  3 kobold zombies (Ossuary)
  A leopard gecko skeleton (D:6)
  3 orc zombies (Ossuary)
  A quokka skeleton (D:9)
  A quokka zombie (D:6)
  12 rats
  2 rat simulacra (Ossuary)
  6 spectral goblins (Ossuary)
  3 spectral kobolds (Ossuary)
  A spectral rat (Ossuary)
  2 fungi (Lair:3)
  4 plants
554 creatures vanquished.

Vanquished Creatures (collateral kills)
  A wizard (D:14)
  A slime creature (D:14)
2 creatures vanquished.

Vanquished Creatures (others)
  3 kobolds (D:13)
  14 fungi
  21 plants
  16 toadstools (D:5)
54 creatures vanquished.

Grand Total: 610 creatures vanquished

Notes
Turn   | Place    | Note
-------+----------+-------------------------------------------
     0 | D:1      | Mesmaeker13 the Demigod Gladiator began the quest for the Orb.
     0 | D:1      | Reached XP level 1. HP: 17/17 MP: 3/3
   386 | D:1      | Reached XP level 2. HP: 24/24 MP: 4/4
  1212 | D:2      | Reached XP level 3. HP: 25/29 MP: 5/5
  2169 | D:2      | Found a blossoming altar of Fedhas.
  2570 | D:3      | Noticed Grinder
  2763 | D:3      | Reached XP level 4. HP: 32/37 MP: 6/6
  2797 | D:3      | Noticed Ijyb
  2798 | D:3      | Noticed Jessica
  2807 | D:3      | Killed Jessica
  2812 | D:3      | Killed Ijyb
  2896 | D:3      | Reached XP level 5. HP: 27/45 MP: 7/7
  3831 | D:4      | Found a staircase to the Ecumenical Temple.
  3872 | D:4      | Noticed Sigmund
  3906 | Temple   | Entered the Ecumenical Temple
  3913 | Temple   | Reached XP level 6. HP: 7/52 MP: 8/8
  4383 | D:4      | Killed Sigmund
  4868 | D:4      | Reached XP level 7. HP: 11/60 MP: 9/9
  5170 | D:4      | Noticed Menkaure
  5179 | D:4      | Killed Menkaure
  5179 | D:4      | Reached skill level 5 in Axes
  5179 | D:4      | Reached skill level 5 in Dodging
  5477 | D:4      | Found a sacrificial altar of Ru.
  5959 | D:5      | Entered Level 5 of the Dungeon
  5964 | D:5      | Reached skill level 1 in Armour
  5995 | D:5      | Found a sand-covered staircase.
  6004 | Ossuary  | Entered an ossuary
  6133 | Ossuary  | Reached skill level 5 in Fighting
  7333 | D:5      | Noticed Blork the orc
  7354 | D:5      | Killed Blork the orc
  7354 | D:5      | Reached XP level 8. HP: 61/69 MP: 10/10
  7510 | D:5      | Found a blossoming altar of Fedhas.
  7530 | D:5      | Noticed an oklob plant
  8413 | D:6      | Found a bloodstained altar of Trog.
  8599 | D:6      | Reached skill level 1 in Evocations
  9183 | D:6      | Learned a level 4 spell: Animate Dead
  9375 | D:7      | Found a glowing golden altar of the Shining One.
  9393 | D:7      | Noticed Phong's ghost (novice OpSk)
  9882 | D:7      | Reached skill level 1 in Necromancy
 10041 | D:7      | Reached XP level 9. HP: 56/78 MP: 13/13
 10412 | D:7      | Got an ichor-stained chain mail
 10423 | D:7      | Identified the +5 chain mail of Anucke {*Drain Int+7} (You found it on level 7 of the Dungeon)
 11433 | D:8      | Reached skill level 5 in Armour
 11544 | D:8      | Noticed a tengu warrior
 11560 | D:8      | Killed a tengu warrior
 11831 | D:8      | Reached XP level 10. HP: 88/88 MP: 14/14
 11895 | D:8      | Noticed a two-headed ogre
 11898 | D:8      | Killed a two-headed ogre
 12148 | D:8      | Found a glowing silver altar of Zin.
 12148 | D:8      | Noticed an angel
 12408 | D:8      | Learned a level 3 spell: Regeneration
 13316 | D:9      | Found an iron altar of Okawaru.
 13373 | D:9      | Got a dazzling chain mail
 13410 | D:9      | Noticed a wizard
 13419 | D:9      | Reached skill level 5 in Necromancy
 13425 | D:9      | Killed a wizard
 13588 | D:9      | Found an ornate altar of the Wu Jian Council.
 13651 | D:9      | Found a hazy altar of Hepliaklqana.
 13714 | D:9      | Found an opulent altar of Gozag.
 13735 | D:9      | Found a sparkling altar of Nemelex Xobeh.
 13737 | D:9      | Found a stormy altar of Qazlal.
 14196 | D:7      | Killed Phong's ghost
 14606 | D:10     | Entered Level 10 of the Dungeon
 14611 | D:10     | Identified the +5 chain mail of Spite {+Blink rPois Stlth+} (You found it on level 9 of the Dungeon)
 14814 | D:10     | Noticed Erolcha
 14843 | D:10     | Killed Erolcha
 14843 | D:10     | Reached XP level 11. HP: 42/95 MP: 15/15
 15266 | D:10     | Found a staircase to the Orcish Mines.
 15294 | D:10     | Found a staircase to the Lair.
 16117 | Lair:1   | Entered Level 1 of the Lair of Beasts
 17473 | Lair:2   | Noticed p0werm0de's ghost (journeyman OpBe)
 18254 | Lair:2   | Gained mutation: Armour fits poorly on your strangely shaped body. [potion of mutation]
 18254 | Lair:2   | Gained mutation: You have a pair of small antennae on your head. [potion of mutation]
 18254 | Lair:2   | Gained mutation: Your flesh is cold resistant. (rC+) [potion of mutation]
 18254 | Lair:2   | Gained mutation: Your flesh is very cold resistant. (rC++) [potion of mutation]
 18269 | Lair:2   | Killed p0werm0de's ghost
 18549 | Lair:2   | Lost mutation: You have a pair of small antennae on your head. [potion of mutation]
 18549 | Lair:2   | Lost mutation: Your flesh is very cold resistant. (rC++) [potion of mutation]
 18549 | Lair:2   | Gained mutation: You have a pair of small antennae on your head. [potion of mutation]
 18549 | Lair:2   | Gained mutation: You are resistant to hostile enchantments. (MR+) [potion of mutation]
 18549 | Lair:2   | Gained mutation: You are partially covered in rugged brown scales. (AC +1, +3% HP) [potion of mutation]
 18837 | Lair:2   | Reached skill level 10 in Axes
 20519 | Lair:3   | Reached skill level 10 in Fighting
 20634 | Lair:3   | Found a hole to the Spider Nest.
 20742 | Lair:3   | Reached XP level 12. HP: 109/109 MP: 16/16
 21896 | Lair:3   | Found a staircase to the Swamp.
 21929 | Lair:3   | Reached skill level 1 in Spellcasting
 23651 | Lair:4   | Noticed PeterLawrence's ghost (journeyman MiFi)
 24769 | Lair:4   | Noticed Josephine
 24787 | Lair:4   | Killed Josephine
 25779 | Lair:5   | Noticed Rupert
 25927 | Lair:1   | Learned a level 3 spell: Spectral Weapon
 26622 | D:11     | Reached skill level 1 in Charms
 26974 | D:11     | Reached XP level 13. HP: 83/118 MP: 21/21
 28071 | D:12     | Identified a scroll of acquirement
 28179 | D:12     | Reached skill level 10 in Armour
 28463 | D:13     | Reached skill level 1 in Hexes
 28719 | D:13     | Found Saf Cuda's General Store.
 28724 | D:13     | Bought a potion of heal wounds for 60 gold pieces
 28764 | D:13     | Noticed Maurice
 28800 | D:13     | Killed Maurice
 29337 | D:13     | Found Eschorgh's Food Shop.
 29341 | D:13     | Found Iwux Neeg's General Store.
 30155 | D:14     | Noticed Urug
 30164 | D:14     | Killed Urug
 30443 | D:14     | Noticed Nessos
 30913 | Lair:5   | Slain by Rupert

Skill      XL: |  1  2  3  4  5  6  7  8  9 10 11 12 13 |
---------------+----------------------------------------+-----
Fighting       | 2 3 4 5 6 7 8 10 11 | 11.4
Axes           | 3 4 5 6 8 9 10 11 | 11.5
Dodging        | 3 4 5 |  5.2
Armour         | 2 4 5 7 8 9 10 | 10.4
Evocations     | 1 |  1.7
Necromancy     | 1 3 5 7 8 9 |  9.0
Spellcasting   | 3 |  3.3
Charms         | 1 3 |  3.7
Hexes          | 3 |  3.1
Throwing       | |  1.7

Action                   |  1- 3 |  4- 6 |  7- 9 | 10-12 | 13-15 || total
-------------------------+-------+-------+-------+-------+-------++-------
Melee: War axe           |   115 |   163 |   721 |  1335 |   147 ||  2481
       Executioner's axe |       |       |       |       |   162 ||   162
Throw: Throwing net      |     3 |     1 |     5 |     3 |       ||    12
 Cast: Regeneration      |       |       |       |     4 |     4 ||     8
       Animate Dead      |       |       |       |       |     3 ||     3
 Abil: Evoke Blink       |       |       |       |     1 |       ||     1
Evoke: Wand              |       |       |    13 |    28 |       ||    41
  Use: Scroll            |     5 |     2 |     5 |    17 |     8 ||    37
       Potion            |       |     4 |     2 |    12 |     2 ||    20
 Stab: Sleeping          |     2 |     1 |       |       |       ||     3
       Held in net/web   |       |     2 |     1 |     2 |       ||     5
       Distracted        |       |       |     1 |       |       ||     1
  Eat: Chunk             |     6 |     4 |    16 |    27 |    11 ||    64
       Ration            |       |     1 |     2 |     7 |     1 ||    11
Armor: Leather armour    |    33 |       |       |       |       ||    33
       Ring mail         |     8 |    60 |    73 |       |       ||   141
       Skin              |       |       |    23 |       |       ||    23
       Scale mail        |       |       |    69 |       |       ||    69
       Chain mail        |       |       |   158 |   884 |   218 ||  1260
Dodge: Dodged            |    87 |   113 |   429 |   787 |   197 ||  1613
